 Dungeon Crawl Stone Soup version 0.31-a0-339-gda1cbd555d (webtiles) character file.

Game seed: 10695951358858985030

42 shadowrider38 the Ruffian (level 3, -2/36 HPs)
             Began as an Ogre Shapeshifter on July 20, 2023.
             Killed from afar by Natasha (10 damage)
             ... with a magic dart
             ... on level 2 of the Dungeon.
             The game lasted 00:01:50 (1822 turns).

shadowrider38 the Ruffian (Ogre Shapeshifter)       Turns: 1822, Time: 00:01:50

Health: -2/36      AC:  3    Str: 21    XL:     3   Next: 56%
Magic:  3/3        EV:  9    Int:  9    God:
Gold:   43         SH:  0    Dex:  9    Spells: 2/2 levels left

rFire   . .          .
                       - Unarmed
rCold   . . .        (no shield)
rNeg    . . .        a - +0 animal skin
rPois   .            (helmet currently unavailable)
rElec   .            (cloak currently unavailable)
rCorr   .            (gloves unavailable)
SInv    .            (boots unavailable)
Will    .....        (no amulet)
Stlth   +            (no ring)
HPRegen 0.26/turn    (no ring)
MPRegen 0.08/turn

%: no passive effects
@: beast-form, slowed, studying Armour, very slow
A: beast (slay +2), large, unfitting armour, tough skin 1
a: Begin Untransformation


You were on level 2 of the Dungeon.
You were a hulking beast.
You visited 1 branch of the dungeon, and saw 2 of its levels.

You collected 118 gold pieces.
You spent 75 gold pieces at shops.

Inventory:

Missiles
 k - 2 poisoned darts
 J - 3 atropa-tipped darts
Armour
 a - a +0 animal skin (worn)
Jewellery
 j - an amulet of reflection
Talismans
 c - a beast talisman
Scrolls
 d - a scroll of fear {unknown}
 e - a scroll of noise {unknown}
 f - 2 scrolls of teleportation {unknown}
 g - a scroll of identify {unknown}
 B - a scroll of blinking
Potions
 b - a potion of lignification
 h - a potion of enlightenment {unknown}
 i - 2 potions of mutation {unknown}


   Skills:
 + Level 2.4 Fighting
 - Level 1.7 Dodging
 * Level 3.4 Unarmed Combat
 + Level 3.2 Shapeshifting


You had 2 spell levels left.
You didn't know any spells.
Your spell library contained the following spells:

 Spells                   Type           Power      Damage    Failure   Level
 Magic Dart               Conj           0%         1d3       38%         1
 Call Imp                 Summ           0%         N/A       52%         2
 Hailstorm                Conj/Ice       0%         3d3       77%         3
 Mephitic Cloud           Conj/Pois/Air  0%         N/A       77%         3
 Summon Ice Beast         Ice/Summ       0%         N/A       99%         4
 Simulacrum               Ice/Necr       0%         N/A       100%        6


Dungeon Overview and Level Annotations

Branches:
Dungeon (2/15)

Altars:

Shops:
D:1 ?

Annotations:
D:2 Natasha


Innate Abilities, Weirdness & Mutations

You are a hulking beast.
Your limbs bulge with bestial killing power. (Slay +2)
You are too large for most types of armour.
You have tough skin. (AC +1)


Message History

You punch the worm!
The worm is almost dead.
You punch the worm!
You kill the worm!
You start resting.
HP restored.
You see here a hobgoblin skeleton.
Natasha, Servant of Life and Death comes into view.
Found a plate armour.
Natasha hisses angrily.
Okay, then.
You start waiting.
Natasha stares at you and mumbles some strange words.
You feel yourself slow down.
Throw: 5 darts (atropa)
Press: ? - help, Shift-Dir - straight line, f - Natasha
Aim: Natasha (47% to hit, chance to blind on hit: 75%)
You throw an atropa-tipped dart.
The atropa-tipped dart barely misses Natasha.
Natasha barely misses you.
Throw: 4 darts (atropa)
Press: ? - help, Shift-Dir - straight line, f/p - Natasha
Aim: Natasha (47% to hit, chance to blind on hit: 75%)
You throw an atropa-tipped dart. The atropa-tipped dart hits Natasha.
Natasha appears confused.
Natasha seems less confused.
Natasha claws you. Natasha claws you!
You hit Natasha.
Natasha is moderately wounded.
Natasha stares at you and mumbles some strange words.
The magic dart hits you!
You catch the helpless Natasha completely off-guard!
You punch Natasha!
Natasha is almost dead.
Natasha casts a spell at you. The magic dart hits you.
You hit Natasha but do no damage.
Natasha is severely wounded.
Natasha is no longer blind.
Natasha casts a spell at you. You resist with some effort. Natasha claws you.
* * * LOW HITPOINT WARNING * * *
Okay, then.
You miss Natasha.
Natasha is severely wounded.
Natasha claws you but does no damage.
You hit Natasha.
Natasha is almost dead.
Natasha stares at you and mumbles some strange words.
The magic dart hits you!
You die...

..######.....# # .............#
#### .............# #...
##......#.#######÷##
....###...........## ###
####.###.#.########## .....
..................... ##....#
#.###........########## ......#
#.....h...............# ......#
#######h..#.######....# ......#
...h......'...........# ......#.#
###...#...#.######.##.# ........
............#...†...... ....#.
[......######.####.##.# #...#
.......#......# #.##.#
##.###############.#########.##.#
##..................<........##.#


You could see Natasha.

Vanquished Creatures
  A worm (D:2)
  2 dart slugs (D:1)
  4 bats
  3 endoplasms
  4 giant cockroaches
  3 goblins
  4 hobgoblins
  2 jackals (D:2)
  A quokka (D:2)
  2 ball pythons (D:1)
  A frilled lizard (D:2)
  2 kobolds (D:1)
  3 rats (D:2)
32 creatures vanquished.

Notes
Turn   | Place    | Note
-------+----------+-------------------------------------------
     0 | D:1      | shadowrider38 the Ogre Shapeshifter began the quest for the
                  | Orb.
     0 | D:1      | Reached XP level 1. HP: 19/19 MP: 1/1
   188 | D:1      | Reached skill level 3 in Unarmed Combat
   188 | D:1      | Reached XP level 2. HP: 25/28 MP: 2/2
   353 | D:1      | Found The Oracle's Delphic Readings.
   971 | D:2      | Reached XP level 3. HP: 35/35 MP: 3/3
  1225 | D:1      | Bought a scroll of blinking for 75 gold pieces
  1810 | D:2      | Noticed Natasha
  1822 | D:2      | Killed from afar by Natasha

Illustrated notes

Levels and vault maps discovered:
D:1:      nagdon_arrival_zigzag_paths, layout_basic, nicolae_nh_oracle_at_delphi
D:2:      cheibrodos_helix_gallery, layout_basic, serial_shops,
          nicolae_lakefront_shop, serial_bayou_lagoon_a, uniq_natasha

Skill      XL: |  1  2 |
---------------+-------+-----
Unarmed Combat | 3 |  3.4
Fighting       | 2 |  2.4
Dodging        | |  1.7
Shapeshifting  | |  3.2

Action                     || total
---------------------------++-------
  Melee: Unarmed           ||   109
         Punch             ||     1
  Throw: Dart              ||     2
   Stab: Invisible         ||     1
 Armour: Animal skin       ||    21
  Dodge: Dodged            ||    48

Table legend: (Time is in decaauts)
 A = Elapsed time spent in this place.
 B = Non-inter-level travel time spent in this place.
 C = Inter-level travel time spent in this place.
 D = Time resting spent in this place.
 E = Time spent auto-exploring this place.
 F = Levels seen in this place.
 G = Mean time per level.
                   A        B        C        D        E       F      G
               +--------+--------+--------+--------+--------+-----+--------+
         Total |   1820 |   1659 |    161 |    210 |   1133 |   2 |  910.0 |
       Dungeon |   1820 |   1659 |    161 |    210 |   1133 |   2 |  910.0 |
               +--------+--------+--------+--------+--------+-----+--------+

Top non-repeatable levels by time:
     D:1: 973 daAuts
     D:2: 846 daAuts
